 Dungeon Crawl Stone Soup version 0.29-a0-284-gf9362112df (webtiles) character file.

Game seed: 8250198168955098659

27 Dabor the Skirmisher (level 3, 0/23 HPs)
             Began as a Gargoyle Fighter on Mar 14, 2022.
             Killed by nerve-wracking pain
             ... invoked by Jessica
              (6 damage)
             ... on level 2 of the Dungeon.
             The game lasted 00:01:08 (1100 turns).

Dabor the Skirmisher (Gargoyle Fighter)             Turns: 1100, Time: 00:01:09

Health: 0/23       AC: 10    Str: 21    XL:     3   Next: 10%
Magic:  3/3        EV:  9    Int:  8    God:
Gold:   60         SH:  4    Dex:  9    Spells: 2/2 levels left

rFire   . . .      SeeInvis .   a - +0 flail
rCold   . . .      Faith    .   c - +0 buckler
rNeg    + . .      Spirit   .   b - +0 scale mail
rPois   ∞          Reflect  .   (no helmet)
rElec   +          Harm     .   (no cloak)
rCorr   .          Rampage  .   (no gloves)
Will    .....                   (no boots)
Stlth   ..........              (no amulet)
HPRegen 0.07/turn               (no ring)
MPRegen 0.08/turn               (no ring)

@: mighty
A: sickness immunity, AC +3, negative energy resistance 1, electricity
resistance, torment resistance 1, petrification resistance
a: no special abilities


You were on level 2 of the Dungeon.
You visited 1 branch of the dungeon, and saw 2 of its levels.

You collected 60 gold pieces.

Inventory:

Hand Weapons
 a - a +0 flail (weapon)
Missiles
 n - 2 poisoned darts (quivered)
Armour
 b - a +0 scale mail (worn)
 c - a +0 buckler (worn)
Jewellery
 i - a ring of magical power
Scrolls
 f - a scroll of acquirement {unknown}
 k - 2 scrolls of immolation {unknown}
 m - a scroll of silence {unknown}
Potions
 e - a potion of curing {unknown}
 g - a potion of mutation {unknown}
 h - a potion of attraction {unknown}
 j - a potion of flight {unknown}
 l - 2 potions of magic {unknown}


   Skills:
 + Level 3.6 Fighting
 * Level 2.6 Maces & Flails
 + Level 3.5 Armour
 + Level 0.7 Dodging
 - Level 3.2 Shields


You had 2 spell levels left.
You didn't know any spells.
Your spell library contained the following spells:

 Spells                   Type           Power      Damage    Failure   Level
 Freeze                   Ice            0%         1d3       83%         1
 Frozen Ramparts          Ice            0%         1d2       99%         3
 Hailstorm                Conj/Ice       0%         3d3       100%        4


Dungeon Overview and Level Annotations

Branches:
Dungeon (2/15)

Altars:

Annotations:
D:2 Jessica


Innate Abilities, Weirdness & Mutations

You are immune to sickness and miasma.
Your stone body is resilient. (AC +3)
You are immune to poison.
You resist negative energy. (rN+)
You are resistant to electric shocks. (rElec)
You are resistant to unholy torment.
You are immune to petrification.


Message History

No target in view!
There is an escape hatch in the floor here.
Jessica the Apprentice Sorceress comes into view.
She is wielding a +0 club and wearing a +0 robe of positive energy.
Jessica drinks a potion.
Jessica flickers and vanishes!
Deactivating autopickup; reactivate with Ctrl-A.
No target in view!
No target in view!
No target in view!
No target in view!
Found a book of Cantrips.
Something hits you but does no damage.
You closely miss something.
You hear some strange, mumbled words.
A rat comes into view.
Found a yellow potion.
You hear some strange, mumbled words.
Something hits you. Something hits you but does no damage.
Pain shoots through your body! The rat bites you but does no damage.
You barely miss the rat. Something hits you but does no damage.
The rat bites you but does no damage. Something hits you but does no damage.
You hit the rat.
You kill the rat!
Something hits you but does no damage. Something hits you.
You are too injured to fight recklessly!
You are too injured to fight recklessly!
You barely miss something. You block something's attack.
Something hits you but does no damage.
You miss something. Something hits you. Something hits you but does no damage.
You feel very mighty all of a sudden. Something hits you but does no damage.
You closely miss something. Something hits you.
You hear some strange, mumbled words.
Something tries to affect you, but you resist.
You miss something. Something hits you. Something hits you but does no damage.
You miss something. Something hits you but does no damage.
You block something's attack.
You miss something. Something hits you.
* * * LOW HITPOINT WARNING * * *
You hear some strange, mumbled words.
Pain shoots through your body!
You die...

#.#..# #....# #...## #
########...# .#
#..........# ###.
...######..# . # #.. .:#
#..#
###.#.#.#####...######..#
........{@..............#
#..........##.#.#######.#
...........# #.# #.#
#.....#.##.##.#.# #.#
##...#........#.# #.#
##.#.#.##.####.# #.#
#..###.#.####.#######.#
#.# #.......>.......# #!
#.################


There were no monsters in sight!

Vanquished Creatures
  2 bats (D:1)
  2 goblins (D:1)
  5 hobgoblins (D:1)
  6 jackals (D:1)
  2 quokkas (D:1)
  A ball python (D:1)
  2 frilled lizards
  3 rats
23 creatures vanquished.

Vanquished Creatures (others)
  5 fungi (D:2)
5 creatures vanquished.

Grand Total: 28 creatures vanquished

Notes
Turn   | Place    | Note
-------+----------+-------------------------------------------
     0 | D:1      | Dabor the Gargoyle Fighter began the quest for the Orb.
     0 | D:1      | Reached XP level 1. HP: 14/14 MP: 1/1
    88 | D:1      | Reached XP level 2. HP: 19/19 MP: 2/2
   455 | D:1      | Reached XP level 3. HP: 22/23 MP: 3/3
  1084 | D:2      | Noticed Jessica
  1100 | D:2      | Killed from afar by Jessica

Illustrated notes

Levels and vault maps discovered:
D:1:      dpeg_arrival_morbid_curiosity, layout_basic
D:2:      layout_loops_ring, dreamdust_mushroom_princess, fountainhead,
          uniq_jessica

Action                   || total
-------------------------++-------
Melee: Flail             ||    66
  Use: Potion            ||     1
Armor: Scale mail        ||    41
Dodge: Dodged            ||    32
Block: Buckler           ||    16

Table legend: (Time is in decaauts)
 A = Elapsed time spent in this place.
 B = Non-inter-level travel time spent in this place.
 C = Inter-level travel time spent in this place.
 D = Time resting spent in this place.
 E = Time spent auto-exploring this place.
 F = Levels seen in this place.
 G = Mean time per level.
                   A        B        C        D        E       F      G
               +--------+--------+--------+--------+--------+-----+--------+
         Total |   1121 |   1072 |     49 |      0 |    908 |   2 |  560.5 |
       Dungeon |   1121 |   1072 |     49 |      0 |    908 |   2 |  560.5 |
               +--------+--------+--------+--------+--------+-----+--------+

Top non-repeatable levels by time:
     D:1: 1036 daAuts
     D:2: 84 daAuts
